 Dungeon Crawl Stone Soup version 0.29-a0-409-gd843f3a48c (webtiles) character file.

Game seed: 9924848111259509237

96 sammy202020 the Skirmisher (level 4, 0/41 HPs)
             Began as a Minotaur Fighter on May 15, 2022.
             Slain by Grinder (5 damage)
             ... on level 3 of the Dungeon.
             The game lasted 00:02:43 (2085 turns).

sammy202020 the Skirmisher (Minotaur Fighter)       Turns: 2085, Time: 00:02:44

Health: 0/41       AC:  7    Str: 21    XL:     4   Next: 41%
Magic:  3/3        EV:  9    Int:  7    God:
Gold:   28         SH:  4    Dex:  9    Spells: 3/3 levels left

rFire   . . .      SeeInvis .   a - +0 war axe
rCold   . . .      Faith    .   c - +0 buckler
rNeg    . . .      Spirit   .   b - +0 scale mail
rPois   +          Reflect  .   (helmet restricted)
rElec   .          Harm     .   (no cloak)
rCorr   .          Rampage  .   (no gloves)
Will    .....                   (no boots)
Stlth   ..........              (no amulet)
HPRegen 0.13/turn               l - ring of poison resistance
MPRegen 0.08/turn               (no ring)

@: no status effects
A: horns 2, retaliatory headbutt
a: no special abilities


You were on level 3 of the Dungeon.
You visited 1 branch of the dungeon, and saw 3 of its levels.

You collected 28 gold pieces.

Inventory:

Hand Weapons
 a - a +0 war axe (weapon)
 p - a +0 mace
Missiles
 h - a throwing net (quivered)
Armour
 b - a +0 scale mail (worn)
 c - a +0 buckler (worn)
Jewellery
 l - a ring of poison resistance (left hand)
Wands
 k - a wand of charming (5)
Scrolls
 m - a scroll of amnesia {unknown}
 o - 2 scrolls of noise {unknown}
 q - a scroll of magic mapping
Potions
 d - a potion of might
 e - a potion of resistance {unknown}
 f - 2 potions of curing {unknown}
 g - 3 potions of heal wounds
 i - a potion of attraction {unknown}
 j - a potion of brilliance {unknown}
 n - 2 potions of flight {unknown}


   Skills:
 * Level 4.5 Fighting
 * Level 3.5 Axes
 + Level 4.1 Armour
 + Level 1.5 Dodging
 + Level 4.1 Shields


You had 3 spell levels left.
You didn't know any spells.
Your spell library was empty.

Dungeon Overview and Level Annotations

Branches:
Dungeon (3/15)

Altars:
Ashenzari

Annotations:
D:3 Grinder


Innate Abilities, Weirdness & Mutations

You have a pair of horns on your head.
You reflexively headbutt those who attack you in melee.


Message History

You resist with significant effort. Grinder hits you!
You writhe in agony.
* * * LOW HITPOINT WARNING * * *
You barely miss Grinder.
Grinder blinks!
It was a potion of heal wounds.
You feel much better.
You slash Grinder! Your headbutt misses Grinder.
Grinder is moderately wounded.
Grinder closely misses you. Grinder gestures at you.
You suddenly lose the ability to move!
Grinder hits you.
You writhe in agony.
You can move again.
You hit Grinder but do no damage.
Grinder is moderately wounded.
Grinder barely misses you.
You slash Grinder!
Grinder is heavily wounded.
You block Grinder's attack.
You completely miss Grinder. Your headbutt misses Grinder.
Grinder is heavily wounded.
Grinder hits you!
You writhe in agony.
Grinder closely misses you.
You closely miss Grinder.
Grinder is heavily wounded.
Grinder gestures at you. Pain shoots through your body!
You slash Grinder! Your headbutt misses Grinder.
Grinder is severely wounded.
Grinder gestures at you.
You suddenly lose the ability to move!
Grinder hits you.
You can move again.
You hit Grinder but do no damage.
Grinder is severely wounded.
Grinder gestures at you. Pain shoots through your body!
* * * LOW HITPOINT WARNING * * *
Grinder hits you.
* * * LOW HITPOINT WARNING * * *
You writhe in agony.
You die...

######### #.......# #.......#
####.......######################
...........'...5@................
####.......######################
####.............# #....#
.#...............# #....###
.#...#####.......# #.......
.#...# #.......# ###.#### .#...#
#.......# #.#... .#...# #..>....#
#.#.## .#### ######### #.#.#


You could see Grinder.

Vanquished Creatures
  A gnoll (D:1)
  2 adders
  3 worms
  A dart slug (D:1)
  3 orcs (D:3)
  5 ball pythons
  2 bats (D:1)
  5 endoplasms
  2 giant cockroaches
  6 goblins
  7 hobgoblins
  A quokka (D:1)
  A frilled lizard (D:2)
  4 kobolds
  9 rats
52 creatures vanquished.

Notes
Turn   | Place    | Note
-------+----------+-------------------------------------------
     0 | D:1      | sammy202020 the Minotaur Fighter began the quest for the
                  | Orb.
     0 | D:1      | Reached XP level 1. HP: 19/19 MP: 0/0
    81 | D:1      | Found a faded altar of an unknown god.
   139 | D:1      | Reached XP level 2. HP: 27/27 MP: 1/1
   470 | D:1      | Reached XP level 3. HP: 25/33 MP: 2/2
   969 | D:1      | Reached skill level 1 in Dodging
  1519 | D:3      | Found a broken altar of Ashenzari.
  1598 | D:3      | Reached XP level 4. HP: 39/41 MP: 3/3
  2063 | D:3      | Noticed Grinder
  2063 | D:3      | Paralysed by Grinder for 2 turns
  2077 | D:3      | Paralysed by Grinder for 2 turns
  2083 | D:3      | Paralysed by Grinder for 2 turns
  2085 | D:3      | Slain by Grinder

Illustrated notes

Levels and vault maps discovered:
D:1:      lightli_arrival_chessboard, layout_basic, ebering_ecumenical_altar_box
D:2:      layout_rooms, kennysheep_generic_room_7
D:3:      layout_basic, ashenzari_altar_1, uniq_grinder

Skill      XL: |  1  2  3 |
---------------+----------+-----
Fighting       | 4 |  4.5
Axes           | 3 |  3.5
Shields        | 4 |  4.1
Dodging        | 1 |  1.5
Armour         | 4 |  4.1

Action                   |  1- 3 |  4- 6 || total
-------------------------+-------+-------++-------
Melee: War axe           |    79 |    25 ||   104
       Headbutt          |    17 |     2 ||    19
  Use: Scroll            |     1 |       ||     1
       Potion            |       |     1 ||     1
Armor: Scale mail        |    30 |     4 ||    34
Dodge: Dodged            |    33 |    10 ||    43
Block: Buckler           |    13 |     4 ||    17

Table legend: (Time is in decaauts)
 A = Elapsed time spent in this place.
 B = Non-inter-level travel time spent in this place.
 C = Inter-level travel time spent in this place.
 D = Time resting spent in this place.
 E = Time spent auto-exploring this place.
 F = Levels seen in this place.
 G = Mean time per level.
                   A        B        C        D        E       F      G
               +--------+--------+--------+--------+--------+-----+--------+
         Total |   2123 |   2123 |      0 |      0 |   1751 |   3 |  707.7 |
       Dungeon |   2123 |   2123 |      0 |      0 |   1751 |   3 |  707.7 |
               +--------+--------+--------+--------+--------+-----+--------+

Top non-repeatable levels by time:
     D:1: 1015 daAuts
     D:3: 596 daAuts
     D:2: 512 daAuts
